 Dungeon Crawl Stone Soup version 0.25-a0-99-gfcdb843 (webtiles) character file.

Game seed: 17555317603414467395, levelgen mode: deterministic

4 silenth the Gusty (level 1, 0/10 HPs)
             Began as a Tengu Air Elementalist on Nov 13, 2019.
             Killed from afar by a dart slug (4 damage)
             ... with a slug dart
             ... on level 1 of the Dungeon.
             The game lasted 00:00:10 (131 turns).

silenth the Gusty (Tengu Air Elementalist)           Turns: 131, Time: 00:00:11

Health: 0/10       AC:  2    Str:  8    XL:     1   Next: 60%
Magic:  1/4        EV: 12    Int: 15    God:
Gold:   31         SH:  0    Dex: 14    Spells: 3/4 levels left

rFire    . . .     SeeInvis .   (no weapon)
rCold    . . .     Gourm    .   (no shield)
rNeg     . . .     Faith    .   a - +0 robe
rPois    .         Spirit   .   (helmet restricted)
rElec    .         Reflect  .   (no cloak)
rCorr    .         Harm     .   (no gloves)
MR       .....                  (boots unavailable)
Stlth    ++........             (no amulet)
HPRegen  0.03/turn              (no ring)
MPRegen  0.09/turn              (no ring)

@: no status effects
A: beak, talons 3
a: no special abilities


You were on level 1 of the Dungeon.
You were not hungry.

You visited 1 branch of the dungeon, and saw 1 of its levels.

You collected 31 gold pieces.

Inventory:

Armour
 a - a +0 robe (worn)
Potions
 b - a potion of flight {unknown}
Comestibles
 e - a ration


   Skills:
 - Level 2.1 Dodging
 - Level 2.0 Stealth
 + Level 2.1 Spellcasting
 + Level 1.7 Conjurations
 + Level 4.1 Air Magic


You had 3 spell levels left.
You knew the following spells:

 Your Spells              Type           Power        Failure   Level  Hunger
a - Shock                 Conj/Air       ##..         7%          1    #......

Your spell library contained the following spells:

 Spells                   Type           Power        Failure   Level  Hunger
 Swiftness                Chrm/Air       #.......     14%         2    ###....
 Static Discharge         Conj/Air       ##......     21%         3    ###....
 Airstrike                Air            ##........   36%         4    #####..
 Lightning Bolt           Conj/Air       ##........   88%         5    ######.


Dungeon Overview and Level Annotations

Branches:
Dungeon (1/15)

Altars:


Innate Abilities, Weirdness & Mutations

You have a beak for a mouth.
You have claws for feet.


Message History

Confirm with . or Enter, or press ? or * to list all spells.
You don't have enough magic to cast that spell.
Casting: Shock (safe; 7% risk of failure)
Confirm with . or Enter, or press ? or * to list all spells.
You don't have enough magic to cast that spell.
The hobgoblin throws a stone.
The stone completely misses you.
A dart slug comes into view.
The goblin hits you but does no damage.
You hit the goblin.
You kill the goblin!
The hobgoblin throws a stone.
The stone closely misses you.
The hobgoblin throws a stone.
The stone hits you.
You see here a stone.
The hobgoblin throws a stone.
The stone barely misses you. The hobgoblin hits you with a +0 club.
You are too injured to fight recklessly!
The hobgoblin throws a stone.
The stone barely misses you. The dart slug launches a dart at you.
The slug dart hits you.
You die...

#### ..... ...# ....#
######....# #....g....#
#.........# # #.
######.(.........
#.#.##......@....#####
#####.#.##..((.##..w...#
............(.....†....#
......#.##.....##......#
.######.###...###......#
.........................
..........#...#####.#####
........#.##### ..
####....#.#


You could see a dart slug and a hobgoblin.

Vanquished Creatures
  A giant cockroach (D:1)
  A goblin (D:1)
  A bat (D:1)
  A kobold (D:1)
4 creatures vanquished.

Notes
Turn   | Place    | Note
-------+----------+-------------------------------------------
     0 | D:1      | silenth the Tengu Air Elementalist began the quest for the
                  | Orb.
     0 | D:1      | Reached XP level 1. HP: 10/10 MP: 4/4
   131 | D:1      | Killed from afar by a dart slug

Levels and vault maps discovered:
D:1:      lemuel_arrival_hallway, layout_basic

Action                   || total
-------------------------++-------
Melee: Unarmed           ||     5
       Peck              ||     1
 Cast: Shock             ||     9
Armor: Robe              ||     1
Dodge: Dodged            ||    11

Table legend:
 A = Non-vault XP
 B = Vault XP
 C = Vault XP percentage of total XP
 D = Non-vault monster count
 E = Vault monster count
 F = Vault count percentage of total count
                 A         B        C        D         E       F
            +---------+---------+-------+---------+---------+-------
      Total |       6 |       0 |   0.0 |       4 |       0 |   0.0
            +---------+---------+-------+---------+---------+-------
        D:1 |       6 |       0 |   0.0 |       4 |       0 |   0.0
            +---------+---------+-------+---------+---------+-------
